[Event "Titled Tuesday Blitz November 01 Early 2022"]
[White "Chernomordik, Pavel"]
[Black "Grot, Blazej"]
[WhiteFideId "2804530"]
[BlackFideId "21835845"]
[WhiteElo "2217"]
[BlackElo "1739"]
[Result "0-1"]
[Round "11"]
[TimeControl "180+1"]
[Date "2022.11.02"]
[WhiteClock "0:00:28"]
[BlackClock "0:00:20"]

1. e4 c5 2. Nc3 e6 3. f4 Nc6 4. Nf3 Nge7 5. e5 d5 6. g3 a6 7. Bg2 b5 8. O-O Bb7 9. d3 h5 10. Ne2 Nf5 11. h3 g6 12. c3 Bg7 13. Qe1 Qd7 14. Qf2 Qe7 15. a4 O-O 16. g4 hxg4 17. hxg4 Nh6 18. Qg3 Na5 19. Be3 Nb3 20. Rae1 bxa4 21. Bh3 Bc6 22. f5 exf5 23. gxf5 d4 24. f6 Bxf6 25. exf6 Qxe3+ 26. Kh2 Nd2 27. Nxd2 Qxd2 28. Kg1 Rae8 29. Nf4 Kh7 30. Re7 Rxe7 31. fxe7 Re8 32. Re1 dxc3 33. bxc3 Qxc3 34. Kh2 a3 35. Nd5 Bxd5 36. Bd7 Qd2+ 37. Kg1 Rxe7 38. Rxe7 a2 39. Re1 Qb2 40. Qd6 a1=Q 41. Rxa1 Qxa1+ 42. Kf2 Qd4+ 43. Ke2 Bf3+ 0-1


[Site "https://www.chess.com"]

[Event "Titled Tuesday Blitz November 01 Early 2022"]
[White "Chernov, Mikhail"]
[Black "Lawson, Eric"]
[WhiteFideId "24143170"]
[BlackFideId "2604116"]
[WhiteElo "2113"]
[BlackElo "2486"]
[Result "0-1"]
[Round "11"]
[TimeControl "180+1"]
[Date "2022.11.02"]
[WhiteClock "0:00:15"]
[BlackClock "0:00:34"]

1. d4 d5 2. Nc3 c6 3. Bf4 f5 4. e3 Nf6 5. Nf3 Be6 6. Ne5 Nbd7 7. Bd3 Nxe5 8. Bxe5 Qd7 9. O-O Bf7 10. f3 e6 11. e4 O-O-O 12. exf5 exf5 13. a4 Bg6 14. a5 Bd6 15. f4 Ne4 16. Bxe4 fxe4 17. Na4 Kb8 18. Nc5 Qe7 19. c3 Ka8 20. a6 b6 21. Nb7 Bxe5 22. Nxd8 Bxd4+ 23. cxd4 Rxd8 24. Rc1 Rd6 25. f5 Be8 26. Qg4 Kb8 27. Qf4 Kc7 28. Qe5 Qxe5 29. dxe5 Rd8 30. g4 d4 31. g5 e3 32. Rce1 Bh5 33. e6 e2 34. Rf4 d3 35. e7 Rd7 36. g6 d2 37. Kf2 dxe1=Q+ 38. Kxe1 Rd1+ 0-1


[Site "https://www.chess.com"]

[Event "Titled Tuesday Blitz November 01 Early 2022"]
[White "Cramling Bellon, Anna"]
[Black "Silva Lucena, Cristian"]
[WhiteFideId "32009232"]
[BlackFideId "2232588"]
[WhiteElo "1972"]
[BlackElo "2223"]
[Result "0-1"]
[Round "11"]
[TimeControl "180+1"]
[Date "2022.11.02"]
[WhiteClock "0:00:02"]
[BlackClock "0:00:04"]

1. d4 Nf6 2. c4 d6 3. Nc3 g6 4. e4 Bg7 5. h3 O-O 6. Bg5 c5 7. d5 a6 8. a4 h6 9. Be3 Qb6 10. Qd2 e6 11. Bd3 exd5 12. exd5 Nbd7 13. Nf3 Re8 14. O-O Kh7 15. a5 Qc7 16. Rfe1 Rb8 17. Bf4 Rxe1+ 18. Rxe1 Nh5 19. Bh2 b6 20. Re7 Kg8 21. Ne4 Qd8 22. Bxd6 Rb7 23. axb6 f5 24. Nc3 Rxb6 25. Qe2 Nhf6 26. Qe6+ Kh7 27. Qf7 Qg8 28. Bc7 Qxf7 29. Rxf7 Rxb2 30. Ne2 Kg8 31. Re7 Bf8 32. Re6 Kf7 33. Nf4 Rb3 34. Be2 g5 35. Nd3 Ne4 36. Nfe5+ Nxe5 37. Nxe5+ Kg8 38. Rg6+ Kh7 39. Rc6 Bg7 40. Nf7 Bd7 41. Rb6 Rxb6 42. Bxb6 Nc3 43. Bd3 Kg6 44. Bxc5 Kxf7 45. d6 a5 46. g4 fxg4 47. hxg4 Bxg4 48. Kg2 Be6 49. Bb6 a4 50. c5 Bd7 51. Ba6 Bc6+ 52. Kg3 a3 53. Bc4+ Ke8 54. Ba5 Ne4+ 0-1


[Site "https://www.chess.com"]

[Event "Titled Tuesday Blitz November 01 Early 2022"]
[White "Csonka, Balazs"]
[Black "Ristic, Nebojsa B"]
[WhiteFideId "742910"]
[BlackFideId "935468"]
[WhiteElo "2404"]
[BlackElo "2320"]
[Result "1-0"]
[Round "11"]
[TimeControl "180+1"]
[Date "2022.11.02"]
[WhiteClock "0:00:20"]
[BlackClock "0:01:07"]

1. e4 Nc6 2. Nf3 d6 3. d4 Nf6 4. Nc3 g6 5. Be3 Bg7 6. Qd2 O-O 7. O-O-O a6 8. Bh6 b5 9. Bxg7 Kxg7 10. Qe3 b4 11. Nd5 e6 12. Nxf6 Qxf6 13. e5 Qe7 14. h4 h5 15. Bd3 d5 16. g4 Rh8 17. Rdg1 Bd7 18. Ng5 Na5 19. Qf3 c5 20. gxh5 Rxh5 21. Nxf7 Rf5 22. Bxf5 exf5 23. Rxg6+ Kxg6 24. Rg1+ Kxf7 25. Qh5+ Kf8 26. Qh8+ Kf7 27. Rg7+ Ke6 28. Qh6+ Qf6 29. Qxf6# 1-0


[Site "https://www.chess.com"]

[Event "Titled Tuesday Blitz November 01 Early 2022"]
[White "D`Arruda, Ricardo D."]
[Black "Jakubowski, Krzysztof"]
[WhiteFideId "100692"]
[BlackFideId "1112848"]
[WhiteElo "2481"]
[BlackElo "2373"]
[Result "0-1"]
[Round "11"]
[TimeControl "180+1"]
[Date "2022.11.02"]
[WhiteClock "0:00:01"]
[BlackClock "0:00:07"]

1. Nf3 Nf6 2. d4 d5 3. c4 c6 4. e3 a6 5. Nc3 b5 6. b3 Bg4 7. Bd3 e6 8. O-O Nbd7 9. h3 Bh5 10. a4 dxc4 11. bxc4 b4 12. Ne4 a5 13. Bb2 Be7 14. Qc2 Qc7 15. Ng3 Bxf3 16. gxf3 g6 17. f4 c5 18. d5 O-O-O 19. e4 Qxf4 20. Ne2 Qg5+ 21. Kh1 Qh4 22. Ng1 e5 23. f4 Bd6 24. Rae1 Nh5 25. Qf2 Qxf2 26. Rxf2 Nxf4 27. Rxf4 exf4 28. e5 Rhe8 29. Nf3 Bc7 30. d6 Bb8 31. Ng5 f6 32. Nf7 Nxe5 33. Nxd8 Kxd8 34. Bxe5 Rxe5 35. Rd1 Re3 0-1


[Site "https://www.chess.com"]

[Event "Titled Tuesday Blitz November 01 Early 2022"]
[White "Dehtiarov, Roman"]
[Black "Kanyamarala, Trisha"]
[WhiteFideId "14186640"]
[BlackFideId "45004722"]
[WhiteElo "2200"]
[BlackElo "2099"]
[Result "1-0"]
[Round "11"]
[TimeControl "180+1"]
[Date "2022.11.02"]
[WhiteClock "0:00:43"]
[BlackClock "0:00:27"]

1. e4 c5 2. Nc3 Nc6 3. f4 e6 4. Nf3 d5 5. Bb5 d4 6. Bxc6+ bxc6 7. Nb1 Bd6 8. d3 Ne7 9. O-O O-O 10. Qe1 f5 11. e5 Bc7 12. Nbd2 c4 13. Nxc4 Ba6 14. b3 Nd5 15. Ba3 Re8 16. Qd2 Bxc4 17. bxc4 Ne3 18. Rf2 Ba5 19. Qe2 Bc3 20. Rb1 Qa5 21. Rb3 Rab8 22. Bd6 Rbc8 23. a3 Red8 24. Bb4 Qa4 25. Bxc3 Ng4 26. Bxd4 Nxf2 27. Bxf2 Rb8 28. Rxb8 Rxb8 29. h3 Qxa3 30. Qe3 a5 31. Qa7 Re8 32. Be3 a4 33. Ng5 Qe7 34. Qxa4 h6 35. Nf3 Rc8 36. Qa7 Qb4 37. Kh2 Re8 38. Qd7 Re7 39. Qxc6 Qb2 40. Bc5 Rf7 41. Qe8+ 1-0


[Site "https://www.chess.com"]

[Event "Titled Tuesday Blitz November 01 Early 2022"]
[White "Dominguez Perez, Leinier"]
[Black "Terry, Renato"]
[WhiteFideId "3503240"]
[BlackFideId "3803457"]
[WhiteElo "2647"]
[BlackElo "2577"]
[Result "0-1"]
[Round "11"]
[TimeControl "180+1"]
[Date "2022.11.01"]
[WhiteClock "0:00:02"]
[BlackClock "0:00:04"]

1. e4 e6 2. d4 d5 3. Nc3 Nf6 4. e5 Nfd7 5. f4 c5 6. Nf3 Nc6 7. Be3 Be7 8. Qd2 O-O 9. dxc5 Qa5 10. O-O-O b6 11. Bb5 Nb4 12. a3 bxc5 13. Bxd7 Bxd7 14. axb4 cxb4 15. Nb1 Rfc8 16. Nd4 Qa2 17. Qd3 a5 18. f5 exf5 19. Nxf5 Bxf5 20. Qxf5 a4 21. Bd4 a3 22. Kd2 Qc4 23. Ke3 g6 24. Qg4 a2 25. Nd2 Qxc2 26. Ra1 h5 27. Qf4 Bc5 28. Bxc5 Rxc5 29. Qd4 Rc7 30. h4 b3 31. g4 Re7 32. gxh5 Rae8 33. Nf3 Rc7 34. Rh2 Qf5 35. Qf4 Qxf4+ 36. Kxf4 gxh5 37. Rd2 Rc4+ 38. Rd4 Rec8 39. Ke3 Rc1 40. Rd1 Rxd1 41. Rxd1 Rc2 42. Ra1 Rxb2 43. Nd2 Rxd2 44. Kxd2 b2 45. Rg1+ Kf8 46. e6 b1=Q 0-1


[Site "https://www.chess.com"]

[Event "Titled Tuesday Blitz November 01 Early 2022"]
[White "Dubov, Daniil"]
[Black "Navara, David"]
[WhiteFideId "24126055"]
[BlackFideId "309095"]
[WhiteElo "2791"]
[BlackElo "2676"]
[Result "1-0"]
[Round "11"]
[TimeControl "180+1"]
[Date "2022.11.01"]
[WhiteClock "0:00:44"]
[BlackClock "0:00:01"]

1. e4 e5 2. Nf3 Nc6 3. Nc3 Nf6 4. d4 exd4 5. Nxd4 Bb4 6. Nxc6 bxc6 7. Bd3 d5 8. exd5 O-O 9. O-O Bg4 10. Be2 Bxe2 11. Nxe2 cxd5 12. Nd4 Qd7 13. Qf3 Rfe8 14. h3 Ne4 15. Be3 c5 16. Nf5 Re5 17. Ng3 Nd2 18. Bxd2 Bxd2 19. Rad1 Ba5 20. c4 Rd8 21. cxd5 Rxd5 22. Rc1 Rd2 23. Ne4 Rxb2 24. Rxc5 Bb6 25. Rg5 Bd4 26. Nf6+ Bxf6 27. Qxf6 Qd4 28. Rxg7+ Kh8 29. Qxd4 Rxd4 30. Rxf7 Rxa2 31. Rb1 Rd8 32. Rbb7 a5 33. Rg7 a4 34. Rxh7+ Kg8 35. Rbg7+ Kf8 36. Ra7 Kg8 37. Rhg7+ Kh8 38. Rge7 a3 39. Re3 Rf8 40. Raxa3 Raxf2 41. Rf3 R8xf3 42. Rxf3 Rc2 43. Kh2 Kg7 44. h4 Kg6 45. Kh3 Rb2 46. g3 Ra2 47. Kg4 Ra4+ 48. Rf4 Ra5 49. h5+ Kg7 50. Kh4 Rc5 51. g4 Kh6 52. g5+ Kg7 53. h6+ Kh7 54. Kh5 Kg8 55. Kg6 Rc6+ 56. Rf6 Rc8 57. Re6 Kh8 58. Re5 Ra8 59. Kh5 Rb8 60. g6 Ra8 61. Kg5 Rb8 62. Rd5 Re8 63. Kf6 Ra8 64. Ke7 Rg8 65. Rd8 1-0


[Site "https://www.chess.com"]

[Event "Titled Tuesday Blitz November 01 Early 2022"]
[White "Durarbayli, Vasif"]
[Black "Oparin, Grigoriy"]
[WhiteFideId "13402935"]
[BlackFideId "24125890"]
[WhiteElo "2586"]
[BlackElo "2639"]
[Result "0-1"]
[Round "11"]
[TimeControl "180+1"]
[Date "2022.11.01"]
[WhiteClock "0:00:09"]
[BlackClock "0:00:22"]

1. e4 e5 2. Nf3 Nc6 3. Bb5 Nf6 4. d3 d6 5. c3 a6 6. Ba4 Bd7 7. O-O g6 8. h3 Bg7 9. Be3 O-O 10. Nbd2 Qe8 11. Bc2 Kh8 12. d4 Nh5 13. Re1 Rd8 14. dxe5 dxe5 15. Bc5 Ne7 16. Qc1 b6 17. Be3 f5 18. exf5 gxf5 19. Nc4 e4 20. Nfe5 Be6 21. Bh6 Rg8 22. Bd1 Bf6 23. f4 Bxc4 24. Nxc4 Qg6 25. Bg5 Bxg5 26. Ne5 Qg7 27. Bxh5 Rdf8 28. Re2 Bh6 29. Qd2 Rf6 30. Rf1 Rgf8 31. Qe1 Nd5 32. Qh4 Re6 33. Nc4 b5 34. Ne3 Nxe3 35. Rxe3 Rd6 36. Rg3 Qf6 37. Bd1 Qxh4 0-1


[Site "https://www.chess.com"]

[Event "Titled Tuesday Blitz November 01 Early 2022"]
[White "Estrada Nieto, Julian"]
[Black "Brown, Andrew"]
[WhiteFideId "5101018"]
[BlackFideId "3206513"]
[WhiteElo "2252"]
[BlackElo "2245"]
[Result "1-0"]
[Round "11"]
[TimeControl "180+1"]
[Date "2022.11.02"]
[WhiteClock "0:01:39"]
[BlackClock "0:00:43"]

1. e4 g6 2. d4 Bg7 3. Nf3 c6 4. Nc3 d5 5. h3 dxe4 6. Nxe4 Nd7 7. Bc4 Nb6 8. Bb3 Nf6 9. Nxf6+ exf6 10. O-O O-O 11. Re1 Qd6 12. c4 Qc7 13. Be3 f5 14. Qc1 Be6 15. Bh6 Rad8 16. Bxg7 Kxg7 17. Qc3 Kg8 18. Re2 Rfe8 19. Rae1 Bd7 20. Ne5 c5 21. dxc5 Qxc5 22. Nxd7 1-0


[Site "https://www.chess.com"]

[Event "Titled Tuesday Blitz November 01 Early 2022"]
[White "Fernandez De La Vara, Arnaldo"]
[Black "Zhigalko, Sergei"]
[WhiteFideId "3518388"]
[BlackFideId "13502956"]
[WhiteElo "2387"]
[BlackElo "2662"]
[Result "0-1"]
[Round "11"]
[TimeControl "180+1"]
[Date "2022.11.01"]
[WhiteClock "0:00:02"]
[BlackClock "0:00:39"]

1. Nf3 d5 2. c4 d4 3. b4 Bg4 4. Bb2 Bxf3 5. exf3 e5 6. g3 Bxb4 7. Bg2 Nc6 8. O-O Nge7 9. Qb3 O-O 10. a3 Bc5 11. d3 a5 12. Nd2 a4 13. Qc2 f5 14. Rfe1 Kh8 15. Re2 Qd6 16. f4 exf4 17. Nf3 fxg3 18. hxg3 f4 19. g4 Qg6 20. g5 Qh5 21. Rae1 Ng6 22. Qd1 Be7 23. Bxd4 Nxd4 24. Nxd4 f3 25. Rxe7 Nxe7 26. Nxf3 Ng6 27. Nd4 Qh4 28. Nf3 Qg4 29. Re3 Nh4 0-1


[Site "https://www.chess.com"]

[Event "Titled Tuesday Blitz November 01 Early 2022"]
[White "Fernandez Hernandez, Gerardo"]
[Black "Vasques, Antonio Pedro Freixial"]
[WhiteFideId "2207400"]
[BlackFideId "1908332"]
[WhiteElo "2243"]
[BlackElo "2243"]
[Result "0-1"]
[Round "11"]
[TimeControl "180+1"]
[Date "2022.11.02"]
[WhiteClock "0:00:03"]
[BlackClock "0:00:14"]

1. e4 c5 2. d3 Nc6 3. g3 Nf6 4. Bg2 d5 5. Nd2 Bg4 6. Ngf3 e6 7. h3 Bh5 8. O-O Qc7 9. c3 Be7 10. Qe2 O-O 11. g4 Bg6 12. Nh4 dxe4 13. Nxg6 hxg6 14. dxe4 Rfd8 15. Nc4 b5 16. Ne3 c4 17. f4 Bc5 18. e5 Nd5 19. Kh1 Nce7 20. Nc2 a5 21. Bd2 Rac8 22. Rae1 Bb6 23. Rd1 Qc5 24. Nd4 b4 25. Nf3 Ne3 26. Bxe3 Qxe3 27. Qxe3 Bxe3 28. Nd4 Bxd4 29. Rxd4 Rxd4 30. cxd4 c3 31. bxc3 Rxc3 32. Rd1 Nd5 33. Bxd5 exd5 34. Kg2 Rc2+ 35. Kf3 Rxa2 36. f5 Ra3+ 37. Kf4 gxf5 38. gxf5 Rxh3 39. e6 Rh4+ 40. Ke5 Re4+ 41. Kxd5 Re2 42. Ra1 fxe6+ 43. fxe6 b3 44. Rxa5 b2 45. Rb5 g5 46. Kd6 g4 47. Kd7 g3 48. e7 g2 49. Rb8+ Kh7 50. e8=Q Rxe8 51. Kxe8 g1=Q 52. Rxb2 Qe3+ 53. Kd7 Qxd4+ 54. Ke7 Qxb2 55. Ke6 Qg7 56. Kf5 Qg6+ 0-1


[Site "https://www.chess.com"]

[Event "Titled Tuesday Blitz November 01 Early 2022"]
[White "Fernandez Siles, Luis"]
[Black "Zilleruelo Irizarry, Diego"]
[WhiteFideId "2209420"]
[BlackFideId "3101460"]
[WhiteElo "2186"]
[BlackElo "1998"]
[Result "1-0"]
[Round "11"]
[TimeControl "180+1"]
[Date "2022.11.02"]
[WhiteClock "0:01:30"]
[BlackClock "0:00:03"]

1. d4 d5 2. c4 e6 3. Nc3 a6 4. cxd5 exd5 5. Nf3 Nf6 6. Bg5 Be6 7. e3 Nbd7 8. Bd3 h6 9. Bf4 g5 10. Bg3 Nh5 11. Qc2 Nxg3 12. hxg3 c6 13. O-O-O b5 14. Kb1 Nb6 15. e4 Nc4 16. exd5 cxd5 17. Rhe1 Be7 18. Bf5 Qb6 19. Bxe6 fxe6 20. Qg6+ Kd7 21. Ne5+ Nxe5 22. Rxe5 Rag8 23. Nxd5 Qd6 24. Qe4 Bf6 1-0


[Site "https://www.chess.com"]

[Event "Titled Tuesday Blitz November 01 Early 2022"]
[White "Gabrielian, Artur"]
[Black "Schekachikhin, Maksim"]
[WhiteFideId "4131002"]
[BlackFideId "24177830"]
[WhiteElo "2432"]
[BlackElo "2272"]
[Result "1-0"]
[Round "11"]
[TimeControl "180+1"]
[Date "2022.11.01"]
[WhiteClock "0:00:12"]
[BlackClock "0:00:11"]

1. e4 e6 2. d4 d5 3. Nc3 Bb4 4. e5 c5 5. a3 Bxc3+ 6. bxc3 Qc7 7. Qg4 f6 8. Bb5+ Kf8 9. Qg3 Nc6 10. Bxc6 bxc6 11. exf6 Qxg3 12. hxg3 Nxf6 13. f3 c4 14. g4 Ke7 15. a4 Bd7 16. Kd2 Kf7 17. Ba3 h6 18. a5 Rhb8 19. Ne2 Rb5 20. Bd6 Ne8 21. Be5 c5 22. dxc5 Rxc5 23. Nd4 Nf6 24. Rab1 Bc8 25. Ra1 Ba6 26. Rhe1 Re8 27. Rab1 Nd7 28. Bd6 Rcc8 29. Be5 Rc5 30. Re3 Rxa5 31. Rbe1 Rc5 32. Bd6 Rcc8 33. Nxe6 Nf6 34. Nc5 Bb5 35. Re7+ Rxe7 36. Rxe7+ Kg6 37. Ne6 Ne8 38. Be5 h5 39. Nf4+ Kh6 40. Nxh5 g6 41. Bf4+ g5 42. Re6+ Kh7 43. Bxg5 a5 44. Re7+ Kg6 45. f4 a4 46. Ra7 Rc7 47. Ra5 Bd7 48. Ra6+ Rc6 49. Ra8 Bxg4 50. Rxe8 Bxh5 51. Rh8 Kf5 52. Rxh5 Kg4 53. Rh1 a3 54. Ra1 Ra6 55. Ra2 1-0


[Site "https://www.chess.com"]

[Event "Titled Tuesday Blitz November 01 Early 2022"]
[White "Garayev, Kanan"]
[Black "Pakleza, Zbigniew"]
[WhiteFideId "13406671"]
[BlackFideId "1119290"]
[WhiteElo "2244"]
[BlackElo "2411"]
[Result "1-0"]
[Round "11"]
[TimeControl "180+1"]
[Date "2022.11.02"]
[WhiteClock "0:00:31"]
[BlackClock "0:00:06"]

1. d4 e6 2. c3 d6 3. Nf3 c6 4. g3 b6 5. Bg2 a6 6. O-O f6 7. e4 g6 8. e5 fxe5 9. dxe5 d5 10. Bg5 Be7 11. h4 Nd7 12. Nbd2 Bxg5 13. Nxg5 Qe7 14. c4 h6 15. Ngf3 Bb7 16. cxd5 cxd5 17. Nd4 g5 18. h5 Qf7 19. Rc1 Nc5 20. f4 gxf4 21. Rxf4 Qg7 22. Rxc5 bxc5 23. Qa4+ Ke7 24. Nc6+ Kd7 25. Nd4+ Ke7 26. Nc6+ Kd7 27. Na5+ Kc7 28. Nxb7 Kxb7 29. Nc4 Qc7 30. Rf7 Ne7 31. Nd6+ Kb6 32. b4 Raf8 33. Qa5+ Kc6 34. Qxc5+ Kd7 35. Rxe7+ Kxe7 36. Qxc7# 1-0


[Site "https://www.chess.com"]

[Event "Titled Tuesday Blitz November 01 Early 2022"]
[White "Garv Gaur"]
[Black "Muminova, Nafisa"]
[WhiteFideId "45030839"]
[BlackFideId "14201526"]
[WhiteElo "1960"]
[BlackElo "2258"]
[Result "1-0"]
[Round "11"]
[TimeControl "180+1"]
[Date "2022.11.02"]
[WhiteClock "0:02:25"]
[BlackClock "0:01:14"]

1. d4 Nf6 2. Nf3 e6 3. c4 b6 4. g3 Bb7 5. Bg2 Be7 6. O-O O-O 7. Nc3 d5 8. Ne5 c5 9. cxd5 exd5 10. Bf4 Nbd7 11. Rc1 Rc8 12. Bh3 cxd4 13. Qxd4 Bc5 14. Qa4 Nxe5 15. Bxc8 Bxc8 16. Bxe5 Bh3 17. Rfd1 d4 18. Bxd4 Qa8 19. f3 Ng4 20. Bxc5 bxc5 21. Qe4 Qxe4 22. Nxe4 Ne3 23. Rd3 Nf5 24. Rxc5 h6 25. Nf2 1-0


[Site "https://www.chess.com"]

[Event "Titled Tuesday Blitz November 01 Early 2022"]
[White "Gharibyan, Mamikon"]
[Black "Svane, Rasmus"]
[WhiteFideId "13308300"]
[BlackFideId "4657101"]
[WhiteElo "2378"]
[BlackElo "2674"]
[Result "0-1"]
[Round "11"]
[TimeControl "180+1"]
[Date "2022.11.01"]
[WhiteClock "0:01:13"]
[BlackClock "0:02:11"]

1. Nf3 d5 2. g3 Nf6 3. Bg2 e6 4. O-O Be7 5. d4 O-O 6. c4 dxc4 7. Qc2 a6 8. a4 Bd7 9. Qxc4 Bc6 10. Bg5 Nbd7 11. Rd1 h6 12. Bxf6 Nxf6 13. Nbd2 a5 14. Rac1 Bb4 15. b3 Qe7 16. Qd3 Bxf3 17. Nxf3 c6 18. e4 Rfd8 19. e5 Nd5 20. h4 c5 21. dxc5 Nc3 22. Rxc3 Bxc3 23. Qe2 Rxd1+ 24. Qxd1 Qxc5 25. Qd7 Bxe5 26. Qxb7 Rb8 0-1


[Site "https://www.chess.com"]

[Event "Titled Tuesday Blitz November 01 Early 2022"]
[White "Gheorghiu, Calin"]
[Black "Madaminov, Mukhiddin"]
[WhiteFideId "1200305"]
[BlackFideId "14210703"]
[WhiteElo "2225"]
[BlackElo "2341"]
[Result "0-1"]
[Round "11"]
[TimeControl "180+1"]
[Date "2022.11.02"]
[WhiteClock "0:00:22"]
[BlackClock "0:00:53"]

1. d4 Nf6 2. Bf4 d5 3. Nf3 c5 4. e3 Nc6 5. Nbd2 e6 6. c3 Be7 7. Bd3 Nh5 8. Be5 f6 9. Nh4 fxe5 10. Qxh5+ Kd7 11. Nhf3 e4 12. Nxe4 dxe4 13. Bxe4 cxd4 14. O-O-O Bf6 15. exd4 g6 16. Qb5 Qb6 17. Qa4 Kc7 18. d5 exd5 19. Rxd5 Re8 20. Rhd1 Qxf2 21. Nd2 Qe3 22. Rf1 Bg5 23. Rf7+ Re7 24. Rxe7+ Nxe7 25. Kc2 Nxd5 0-1


[Site "https://www.chess.com"]

[Event "Titled Tuesday Blitz November 01 Early 2022"]
[White "Gokerkan, Cem Kaan"]
[Black "Lazavik, Denis"]
[WhiteFideId "6336760"]
[BlackFideId "13515110"]
[WhiteElo "2365"]
[BlackElo "2437"]
[Result "1-0"]
[Round "11"]
[TimeControl "180+1"]
[Date "2022.11.01"]
[WhiteClock "0:00:28"]
[BlackClock "0:00:51"]

1. e4 c5 2. c3 Nf6 3. e5 Nd5 4. d4 cxd4 5. Qxd4 e6 6. Nf3 Nc6 7. Qe4 f5 8. Qe2 b5 9. g3 Be7 10. Bg2 a5 11. O-O O-O 12. Rd1 Ba6 13. Nbd2 b4 14. c4 a4 15. Nf1 Na5 16. Ne3 Nxe3 17. Qxe3 Nxc4 18. Qd4 Qb6 19. Qxb6 Nxb6 20. Be3 Nd5 21. Bg5 Bxg5 22. Nxg5 Bb7 23. Rd4 b3 24. axb3 axb3 25. Rad1 Bc6 26. R4d3 Rfb8 27. Nf3 Ra2 28. R3d2 Nb6 29. Rc1 Na4 30. Nd4 Bxg2 31. Kxg2 Rxb2 32. Rd3 Rb7 33. Rc4 Ra2 34. Nxb3 Nb2 35. Rc8+ Kf7 36. Rf3 Ra5 37. Nxa5 1-0


[Site "https://www.chess.com"]

[Event "Titled Tuesday Blitz November 01 Early 2022"]
[White "Goltseva, Ekaterina"]
[Black "Costachi, Mihnea"]
[WhiteFideId "24173770"]
[BlackFideId "1217518"]
[WhiteElo "2200"]
[BlackElo "2437"]
[Result "0-1"]
[Round "11"]
[TimeControl "180+1"]
[Date "2022.11.02"]
[WhiteClock "0:00:02"]
[BlackClock "0:01:13"]

1. d4 Nf6 2. c4 c5 3. d5 b5 4. Nd2 e6 5. e4 Bb7 6. Ngf3 exd5 7. exd5 bxc4 8. Bxc4 Bxd5 9. Bxd5 Nxd5 10. O-O Be7 11. Ne4 Nf6 12. Nd6+ Kf8 13. Bf4 Qb6 14. Ng5 Nc6 15. Ngxf7 Nd4 16. Nc4 Qe6 17. Nxh8 Qxc4 18. Be3 Kg8 19. Bxd4 Qxd4 20. Qf3 Rf8 21. Rad1 Qxb2 22. Rfe1 Bd8 23. Re2 Qb6 24. h3 Kxh8 25. Red2 d5 26. Rxd5 Be7 27. Re5 Ng8 28. Qe4 Qf6 29. f3 c4 30. Rd7 c3 31. Red5 Qb6+ 32. Kh1 Bf6 33. Rd1 Rc8 34. Qc2 Qb2 35. Rc1 Qxc2 36. Rxc2 Ne7 37. Rxa7 Nd5 38. Ra4 Ne3 39. Rc1 c2 40. Re4 Bb2 41. Rxc2 Nxc2 42. Re2 Ba3 43. Kh2 Bd6+ 44. g3 h6 45. Rd2 Bb4 46. Re2 Nd4 47. Re4 Rc2+ 48. Kh1 Nxf3 49. Re8+ Kh7 50. Rh8+ Kxh8 0-1


[Site "https://www.chess.com"]

[Event "Titled Tuesday Blitz November 01 Early 2022"]
[White "Gu, Xiaobing"]
[Black "Laohawirapap, Prin"]
[WhiteFideId "8602611"]
[BlackFideId "6205003"]
[WhiteElo "2174"]
[BlackElo "2113"]
[Result "0-1"]
[Round "11"]
[TimeControl "180+1"]
[Date "2022.11.02"]
[WhiteClock "0:00:10"]
[BlackClock "0:01:12"]

1. e4 e6 2. d4 d5 3. Nd2 Nf6 4. e5 Nfd7 5. Bd3 c5 6. c3 Nc6 7. Ne2 cxd4 8. cxd4 f6 9. exf6 Nxf6 10. O-O Bd6 11. Nf3 O-O 12. Bg5 Bd7 13. Bh4 Qb6 14. Rc1 Ne4 15. Bxe4 dxe4 16. Ng5 Be7 17. d5 Ne5 18. dxe6 Bb5 19. Rc2 Rad8 20. Qc1 h6 21. Nf7 Bxh4 22. Nxe5 Rxf2 23. Rxf2 Qxf2+ 24. Kh1 Bxe2 25. Ng4 Qf5 26. Ne3 Qh5 27. Rc8 Rxc8 28. Qxc8+ Kh7 29. Qxb7 Bd3 30. e7 Qe2 31. h3 Qe1+ 32. Kh2 Bg3# 0-1


[Site "https://www.chess.com"]

[Event "Titled Tuesday Blitz November 01 Early 2022"]
[White "Gurevich, Dmitry"]
[Black "Rustemov, Alexander"]
[WhiteFideId "2000407"]
[BlackFideId "4119002"]
[WhiteElo "2506"]
[BlackElo "2915"]
[Result "0-1"]
[Round "11"]
[TimeControl "180+1"]
[Date "2022.11.01"]
[WhiteClock "0:00:01"]
[BlackClock "0:00:10"]

1. d4 g6 2. c4 Bg7 3. e4 d6 4. Nc3 Nc6 5. Be3 e5 6. d5 Nd4 7. Nge2 Nxe2 8. Bxe2 b6 9. Qd2 Nf6 10. O-O O-O 11. b4 Nd7 12. f3 f5 13. Bd3 f4 14. Bf2 g5 15. c5 a6 16. a4 h5 17. c6 Nf6 18. a5 b5 19. Kh1 Bh6 20. g3 Bh3 21. Rg1 Kh7 22. gxf4 gxf4 23. Bh4 Qe7 24. Bg5 Rg8 25. Bxh6 Kxh6 26. Qf2 Nh7 27. Rxg8 Rxg8 28. Rg1 Rxg1+ 29. Qxg1 Qh4 30. Be2 Ng5 31. Nxb5 Bg4 32. fxg4 f3 33. Bxf3 Nxf3 34. Qg3 Qf6 35. Nxc7 Ng5 36. Kg2 Nxe4 37. g5+ Nxg5 38. Ne8 Qf5 39. Nxd6 Qc2+ 40. Qf2 Qc1 41. Qf6+ Kh7 42. Qf5+ Kg7 43. Ne8+ Kg8 44. Nf6+ Kg7 45. Nxh5+ Kh6 46. Ng3 Qd2+ 47. Qf2 Qxd5+ 48. Kf1 Qxc6 49. Nf5+ Kh5 50. Qe2+ Nf3 51. Kf2 e4 52. Ng3+ Kh6 53. Qe3+ Kg7 54. Qxe4 Qc3 55. Qxf3 Qxb4 56. Nf5+ Kg6 0-1


[Site "https://www.chess.com"]

[Event "Titled Tuesday Blitz November 01 Early 2022"]
[White "Harsh Suresh"]
[Black "Chigaev, Maksim"]
[WhiteFideId "45018464"]
[BlackFideId "4108116"]
[WhiteElo "2180"]
[BlackElo "2537"]
[Result "1-0"]
[Round "11"]
[TimeControl "180+1"]
[Date "2022.11.01"]
[WhiteClock "0:00:09"]
[BlackClock "0:00:04"]

1. d4 Nf6 2. Nf3 d5 3. c3 Bg4 4. Ne5 Bc8 5. Bf4 g6 6. e3 Bg7 7. h3 O-O 8. Nd2 Nbd7 9. Be2 a5 10. O-O c6 11. Rc1 a4 12. c4 Nxe5 13. Bxe5 Be6 14. c5 Bc8 15. Rc3 Qa5 16. Ra3 Qb4 17. Qc2 Bf5 18. Qc3 Qxc3 19. bxc3 h5 20. Bxf6 Bxf6 21. g4 hxg4 22. hxg4 Bc8 23. Rb1 e5 24. Rb4 e4 25. Raxa4 Rxa4 26. Rxa4 Bg5 27. c4 f5 28. cxd5 cxd5 29. gxf5 gxf5 30. Nf1 f4 31. exf4 Bxf4 32. Ne3 Bd7 33. Rb4 Bc6 34. a4 Kf7 35. a5 Rg8+ 36. Kf1 Rh8 37. a6 bxa6 38. Rb6 Bd7 39. Nxd5 Bh3+ 40. Ke1 Bh2 41. Bc4 Kg7 42. Rxa6 Rb8 43. Ra7+ Kh6 44. Nb6 Rd8 45. d5 Rg8 46. d6 Rg1+ 47. Kd2 Bf4+ 48. Kc3 e3 49. fxe3 Bxe3 50. d7 Rd1 51. Bd3 Bg5 52. c6 Rc1+ 53. Bc2 Bf5 54. Ra2 Bf6+ 55. Kb4 Be6 56. c7 Bxa2 57. d8=Q Bxd8 58. cxd8=Q Rxc2 59. Qf6+ Kh5 60. Qf5+ 1-0


[Site "https://www.chess.com"]

[Event "Titled Tuesday Blitz November 01 Early 2022"]
[White "Hoffmann, Asa"]
[Black "Lauridsen, Jesper Morch"]
[WhiteFideId "2001470"]
[BlackFideId "1401890"]
[WhiteElo "2117"]
[BlackElo "2282"]
[Result "1-0"]
[Round "11"]
[TimeControl "180+1"]
[Date "2022.11.02"]
[WhiteClock "0:01:30"]
[BlackClock "0:00:08"]

1. d4 d5 2. Bg5 f6 3. Bf4 g5 4. Bg3 Nh6 5. e3 Nf5 6. Qh5+ Kd7 7. c4 Nxg3 8. hxg3 c6 9. Nc3 e6 10. O-O-O Bb4 11. Nge2 Kc7 12. f4 gxf4 13. gxf4 Nd7 14. a3 Bxc3 15. Nxc3 f5 16. g4 fxg4 17. Qxg4 Nf6 18. Qg7+ Bd7 19. Bd3 Qf8 20. Qg2 Rc8 21. Kb1 Kb8 22. e4 dxe4 23. Nxe4 Nxe4 24. Qxe4 c5 25. d5 exd5 26. cxd5 Re8 27. Qc4 b5 28. Qc2 c4 29. Bxh7 Qxf4 30. Bg6 Rxh1 31. Rxh1 Qd6 32. Bxe8 Qxd5 33. Qh2+ Kb7 34. Bxd7 Qxd7 35. Qh7 1-0


[Site "https://www.chess.com"]